 Dungeon Crawl Stone Soup version 0.18-b1-18-g7758cf2 (webtiles) character file.

196 Leszczynek the Chopper (level 5, -3/45 HPs)
             Began as a Hill Orc Venom Mage on May 2, 2016.
             Slain by a gnoll
             ... wielding a +0 spear
              (7 damage)
             ... on level 3 of the Dungeon.
             The game lasted 00:12:00 (4031 turns).

Leszczynek the Chopper (Hill Orc Venom Mage)        Turns: 4031, Time: 00:12:01

Health: -3/45      AC:  5    Str: 12    XL:     5   Next: 74%
Magic:  0/7        EV: 12    Int: 15    God:
Gold:   57         SH:  4    Dex: 11    Spells: 2 memorised, 4 levels left

rFire  . . .     SeeInvis .     w - +0 hand axe
rCold  . . .     Gourm    .     e - +0 ring mail
rNeg   + . .     Faith    .     j - +0 buckler
rPois  .         Spirit   +     (no helmet)
rElec  .         Dismiss  .     (no cloak)
rCorr  .         Reflect  .     (no gloves)
SustAt .         Harm     .     (no boots)
MR     .....                    n - amulet of guardian spirit
Stlth  +.........               s - +2 ring of evasion
                                m - ring of positive energy

@: not resistant to hostile enchantments, very unstealthy
A: no striking features
a: no special abilities


You were on level 3 of the Dungeon.
You were not hungry.

You visited 1 branch of the dungeon, and saw 3 of its levels.

You collected 57 gold pieces.

Inventory:

Hand Weapons
 w - a +0 hand axe (weapon)
 z - a +0 blowgun
Armour
 e - a +0 ring mail (worn)
 j - a +0 buckler (worn)
Jewellery
 m - a ring of positive energy (left hand)
 n - an amulet of guardian spirit (around neck)
 s - a +2 ring of evasion (right hand)
Scrolls
 k - a scroll of magic mapping {unknown}
 l - a scroll of teleportation
 q - a scroll of enchant weapon {unknown}
 t - 3 scrolls of remove curse
 v - a scroll of enchant armour {unknown}
 x - a scroll of immolation {unknown}
 A - a scroll of fog {unknown}
Potions
 r - a potion of invisibility {unknown}
 u - a potion of might {unknown}
Books
 b - a Young Poisoner's Handbook

   Spells                             Type                      Level
   a - Sting                          Conjuration/Poison           1
   b - Cure Poison                    Poison                       2
   c - Mephitic Cloud                 Conjuration/Poison/Air       3
   d - Olgreb's Toxic Radiance        Poison                       4
   e - Venom Bolt                     Conjuration/Poison           5
Comestibles
 a - 4 fruits
 c - 3 bread rations
 d - 3 chunks of flesh
 h - 2 meat rations


   Skills:
 - Level 3.6 Fighting
 * Level 4.1 Axes
 - Level 1.8 Armour
 - Level 1.5 Dodging
 - Level 1.5 Stealth
 + Level 1.8 Shields
 - Level 1.5 Spellcasting
 - Level 3.6 Poison Magic


You had 4 spell levels left.
You knew the following spells:

 Your Spells              Type           Power        Failure   Level  Hunger
a - Sting                 Conj/Pois      #...         34%         1    ##.....
b - Cure Poison           Pois           ##........   30%         2    ###....


Dungeon Overview and Level Annotations

Branches:
Dungeon (3/15)

Altars:

Annotations:
D:3 Inkary's ghost, amateur DrTm


Message History

The gnoll is severely wounded.
The gnoll hits you with a spear.
* * * LOW HITPOINT WARNING * * *
You hit the gnoll but do no damage.
The gnoll is severely wounded.
The gnoll barely misses you.
You hit the gnoll but do no damage.
The gnoll is severely wounded.
You block the gnoll's attack.
You completely miss the gnoll.
The gnoll is severely wounded.
The gnoll hits you with a spear!
* * * LOW HITPOINT WARNING * * *
You hit the gnoll but do no damage.
The gnoll is severely wounded.
The gnoll barely misses you.
You hit the gnoll.
The gnoll is almost dead.
The gnoll hits you with a spear!
You die...

#.......#...........#
#.......#...........# ##########
#.......#...........# #.........
#.......#...........# #.........
#.......#...........# #.........
##.......#.....).....# #.........
.........#...........# #.........
#######'######'#########.........
#.....# #.g@).....'.........
#.#.#.# ###########.........
#.#.#.# #.....)....#######.
#####.#.#.# #.#######..# #.
......#.#.#####.#######..# #.
#####.#.#...)............# ##
#.(.#.#..####.########.#
#(#.#.#..##.#.#####.##.#
#.#.#.#....<#.......##.#


You could see a gnoll.

Vanquished Creatures
  An orc wizard (D:3)
  5 gnolls (D:3)
  2 adders
  An ooze (D:3)
  3 worms (D:3)
  3 dart slugs (D:1)
  2 giant geckos (D:1)
  3 orcs
  4 bats
  2 giant cockroaches (D:3)
  10 goblins
  6 hobgoblins
  4 jackals
  7 kobolds
  A quokka (D:2)
  8 giant newts
  15 rats
77 creatures vanquished.

Notes
Turn   | Place    | Note
--------------------------------------------------------------
     0 | D:1      | Leszczynek the Hill Orc Venom Mage began the quest for the Orb.
     0 | D:1      | Reached XP level 1. HP: 14/14 MP: 3/3
   173 | D:1      | Reached skill level 1 in Fighting
   234 | D:1      | Reached XP level 2. HP: 19/23 MP: 0/4
   354 | D:1      | Reached skill level 1 in Armour
   809 | D:1      | Reached XP level 3. HP: 29/29 MP: 1/5
   813 | D:1      | Learned a level 2 spell: Cure Poison
  1930 | D:2      | Reached XP level 4. HP: 35/38 MP: 3/6
  2024 | D:2      | Reached skill level 1 in Axes
  2715 | D:3      | Reached skill level 2 in Axes
  2775 | D:3      | Noticed Inkary's ghost (amateur DrTm)
  3290 | D:3      | Reached skill level 1 in Shields
  3290 | D:3      | Reached XP level 5. HP: 38/45 MP: 3/7
  3372 | D:3      | Reached skill level 3 in Axes
  3924 | D:3      | Reached skill level 4 in Axes
  4029 | D:3      | HP: 3/45 [gnoll/spear (6)]
  4031 | D:3      | Slain by a gnoll

Skill      XL: |  1  2  3  4  5 |
---------------+----------------+-----
Fighting       | 1 2 3 |  3.6
Armour         | 1 |  1.8
Axes           | 2 4 |  4.1
Shields        | 1 |  1.8
Dodging        | |  1.5
Stealth        | |  1.5
Spellcasting   | |  1.5
Poison Magic   | |  3.6

Action                   |  1- 3 |  4- 6 || total
-------------------------+-------+-------++-------
Melee: Club              |     3 |       ||     3
       Dagger            |   172 |       ||   172
       Hand axe          |     7 |   240 ||   247
 Cast: Sting             |    25 |    10 ||    35
  Use: Scroll            |       |     4 ||     4
       Potion            |       |     6 ||     6
  Eat: Chunk             |     4 |     8 ||    12
Armor: Robe              |     9 |       ||     9
       Ring mail         |    66 |    65 ||   131
Dodge: Dodged            |   114 |   125 ||   239
Block: Buckler           |     1 |    19 ||    20
